 Dungeon Crawl Stone Soup version 0.16.0-11-gd45b091 (webtiles) character file.

134071 Chiseanne the Martial Artist (level 17, -11/90 HPs)
             Began as a Vine Stalker Monk on Mar 17, 2015.
             Was the Champion of Makhleb.
             Mangled by a spriggan berserker
             ... wielding a +0 rapier
              (21 damage)
             ... on level 2 of the Depths.
             The game lasted 02:07:59 (28017 turns).

Chiseanne the Martial Artist (Vine Stalker Monk)   Turns: 28017, Time: 02:07:59

Health: -11/90     AC: 17    Str: 15    XL:     17   Next: 16%
Magic:  0/31       EV: 21    Int: 16    God:    Makhleb [******]
Gold:   1266       SH: 18    Dex: 23    Spells: 2 memorised, 13 levels left

rFire  + . .     SeeInvis .       - Unarmed
rCold  + . .     Clarity  .     I - +5 ring mail {rF+}
rNeg   . . .     SustAb   .     J - +5 shield {rPois}
rPois  +         Gourm    .     E - +2 hat {Int+3}
rElec  .         Spirit   +     W - +0 cloak
rCorr  .         Warding  .     p - +2 pair of gloves of Proug {+Inv rC+ Int+3}
rMut   .         Stasis   .     O - +2 pair of boots {run}
MR     ++...                    (no amulet)
Stlth  ++........               l - +3 ring of protection
                                S - +2 ring of slaying

@: about to teleport, corroded equipment, very slightly contaminated, slowed,
invisible, very slow, very resistant to hostile enchantments, unstealthy
A: fangs 3, deformed body, regeneration 3, magic shield, antimagic bite, no
device heal 3, rot immunity
a: Minor Destruction, Lesser Servant of Makhleb, Major Destruction, Greater
Servant of Makhleb, Renounce Religion, Turn Visible


You were on level 2 of the Depths.
You worshipped Makhleb.
Makhleb was exalted by your worship.
You were not hungry.

You visited 4 branches of the dungeon, and saw 30 of its levels.
You also visited: Labyrinth, Sewer and Volcano.

You collected 3631 gold pieces.
You spent 2365 gold pieces at shops.

Inventory:

Hand weapons
 w - a +1 blowgun
Missiles
 j - 69 poisoned needles
 r - 6 tomahawks (quivered)
 t - 4 javelins
 v - 3 poisoned tomahawks
 M - 2 curare-tipped needles
Armour
 a - a +0 fire dragon armour
 p - the +2 pair of gloves of Proug (worn) {+Inv rC+ Int+3}
   (You acquired it on level 3 of the Lair of Beasts)

   It affects your intelligence (+3).
   It protects you from cold.
   It lets you turn invisible.
 y - a troll hide
 E - a +2 hat of intelligence (worn)
 I - a +5 ring mail of fire resistance (worn)
 J - a +5 shield of poison resistance (worn)
 O - a +2 pair of boots of running (worn)
 W - a +0 cloak (worn)
Rods
 g - a +9 iron rod (11/11)
   (You took it off a minotaur in a labyrinth)
Jewellery
 l - a +3 ring of protection (right hand)
 S - a +2 ring of slaying (left hand)
Magical devices
 A - a wand of hasting (2)
 K - a wand of disintegration (7)
 L - a wand of draining (2)
 P - a wand of paralysis (9)
 Q - a wand of disintegration (15)
 U - a wand of fire (7)
 X - a wand of fire (5)
 Y - a wand of digging (7)
Scrolls
 e - 5 scrolls of fear
 f - 13 scrolls of remove curse
 k - 15 scrolls of identify
 n - 3 scrolls of magic mapping
 o - 7 scrolls of recharging
 s - 4 scrolls of teleportation
 B - a scroll of immolation
Potions
 c - 4 potions of agility
 i - 7 potions of haste
 m - a potion of resistance
 q - a potion of might
 u - 2 potions of flight
 x - 24 potions of curing
 z - 7 potions of magic
 C - 2 potions of invisibility
 D - a potion of ambrosia
 F - a potion of berserk rage
 H - a potion of cancellation
 V - 2 potions of restore abilities
Books
 N - a book of Unlife

   Spells                             Type                      Level
   a - Recall                         Summoning/Translocation      3
   b - Animate Dead                   Necromancy                   4
   c - Control Undead                 Necromancy                   4
   d - Cigotuvi's Embrace             Necromancy                   5
   e - Death Channel                  Necromancy                   6
   f - Simulacrum                     Ice/Necromancy               6
Miscellaneous
 T - a stone of tremors
Comestibles
 b - 15 bread rations
 d - 8 slices of pizza
 h - 13 meat rations


   Skills:
 * Level 10.5 Fighting
 * Level 8.8 Armour
 * Level 12.2 Dodging
 - Level 2.4 Stealth
 * Level 11.8 Shields
 * Level 13.6 Unarmed Combat
 - Level 12.7 Translocations
 - Level 0.8 Invocations
 - Level 10.0 Evocations


You had 13 spell levels left.
You knew the following spells:

 Your Spells              Type           Power        Failure   Level  Hunger
a - Apportation           Tloc           #####.....   1%          1    ##.....
b - Stoneskin             Trmt/Erth      #.......     88%         2    ###....


Dungeon Overview and Level Annotations

Branches:
Dungeon (15/15)            Temple (0/1) D:7            Lair (8/8) D:9
  Swamp (0/5) Lair:4       Spider (0/5) Lair:3        Slime (0/6) Lair:8
    Orc (4/4) D:10            Elf (0/3) Orc:3        Vaults (0/5) D:14
 Depths (3/5) D:15

Altars:
Ashenzari
Dithmenos
Elyvilon
Fedhas
Gozag
Makhleb
Nemelex Xobeh
Okawaru
Qazlal
Ru
Yredelemnul
Zin
The Shining One
Beogh
Jiyva

Shops:
D:4 =   D:5 *   D:8 [   D:14 !}   D:15 :   Orc:4 (![(   Depths:1 :   Depths:2 *

Portals:
Hell: Depths:1
Pandemonium: Depths:2

Annotations:
D:5 1 runed door


Innate Abilities, Weirdness & Mutations

You have razor-sharp teeth.
You regenerate.
When hurt, damage is shared between your health and your magic reserves.
Your bite disrupts and absorbs the magic of your enemies.
Potions and wands cannot restore your health.
You are immune to rotting.
Armour fits poorly on your strangely shaped body.


Message History

Read which item? (? for menu, Esc to quit)
As you read the scroll of teleportation, it crumbles to dust.
You feel strangely unstable. The caustic shrike claws you!
You are splashed with acid!
The acid burns!
The spriggan berserker hits you with a rapier!
The Ice Fiend gestures at you.
The bolt of cold hits the Ice Fiend.
The Ice Fiend completely resists.
The bolt of cold hits you! You resist.
* * * LOW HITPOINT WARNING * * *
You block the spriggan air mage's attack.
The Ice Fiend barely misses you. You block the Ice Fiend's attack.
The caustic shrike claws you!
* * * LOW HITPOINT WARNING * * *
You are splashed with acid!
The acid corrodes your equipment!
The acid burns!
* * * LOW HITPOINT WARNING * * *
Being near the torpor snail leaves you feeling lethargic.
You block the tengu warrior's attack. The tengu warrior misses you.
The tengu warrior barely misses you.
The spriggan berserker hits you with a rapier!!
You die...

......# ........ ..
...... ..w####.... +#
.......#... ..#
.^..(:.#..# ..#
#.(#/.#..####..####
#.[)1LbQ.'........+
#...H1@..'........+
####.ii.##........#
.D.....!#........#
.......#!.#.....[..#
...##++####........# .
#.......######..
#......## #..##..#
....###..##########...


You could see a caustic shrike, a golden dragon, 2 Ice Fiends, a sphinx, a lich,
a tengu warrior, a torpor snail (wandering), a spriggan berserker (berserk) and
a spriggan air mage.

Vanquished Creatures
  An orc warlord (Orc:4)
  2 frost giants
  A fire giant (Depths:1)
  Gastronok (Lair:2)
  2 stone giants (Depths:1)
  A very ugly thing (Depths:1)
  A dire elephant (Depths:1)
  5 ettins
  The ghost of mathias the Basher, a powerful TrBe of Trog (D:10)
  3 fire dragons
  2 minotaurs
  2 great orbs of eyes (Depths:1)
  2 yaktaur captains
  An ice dragon (Depths:1)
  A spriggan air mage (Depths:2)
  2 deep troll earth magi (Depths:1)
  7 hydras
  4 ogre magi
  4 death yaks (Lair:8)
  2 centaur warriors
  4 deep troll shamans (Depths:2)
  A vampire mage (Depths:1)
  A tengu warrior (D:14)
  2 spriggan berserkers
  4 orc high priests (Orc:4)
  A fire crab (Volcano)
  Nergalle (Orc:4)
  A flayed ghost (Depths:2)
  7 deep trolls
  12 hill giants
  A necromancer (Depths:1)
  Pikel (D:7)
  6 ugly things
  2 wizards (Depths:1)
  3 manticores
  5 orc knights
  3 griffons
  An oklob plant (Lair:3)
  A wolf spider (shapeshifter) (Depths:1)
  A sixfirhy (Depths:2)
  3 wolf spiders
  5 orc sorcerers
  A salamander (shapeshifter) (Depths:1)
  A hornet (Lair:8)
  4 cyclopes
  10 black mambas
  13 elephants
  Maurice (D:10)
  A gargoyle (D:14)
  A guardian serpent (Lair:8)
  An efreet (D:15)
  Psyche (Orc:3)
  A redback zombie (D:14)
  19 komodo dragons
  15 spiny frogs
  2 yaktaurs (D:14)
  5 fire drakes
  A deep elf priest (D:15)
  A yaktaur (shapeshifter) (Depths:1)
  6 two-headed ogres
  A tengu conjurer (D:14)
  5 trolls
  A jumping spider (Lair:3)
  A polar bear (Lair:5)
  A troll (shapeshifter) (D:15)
  Grinder (D:3)
  29 blink frogs
  3 ravens (D:14)
  A redback (Lair:8)
  2 wraiths
  2 spriggans
  A trapdoor spider (shapeshifter) (Depths:2)
  8 basilisks
  4 water elementals (D:14)
  30 yaks
  A shadow (D:15)
  A vampire (Depths:1)
  2 trapdoor spiders
  10 fire bats (Volcano)
  2 humans (D:9)
  6 deep elf magi
  2 steam dragons (Lair:8)
  Grum (Orc:3)
  5 wyverns
  4 vampire mosquitoes (D:13)
  A hungry ghost (D:13)
  16 hippogriffs
  3 mottled dragons
  6 swamp worms (Lair:4)
  A hell hound (Volcano)
  5 wargs
  3 ogre zombies (Depths:1)
  A hornet simulacrum (D:14)
  14 wolves
  2 swamp drakes (Lair:8)
  15 porcupines
  23 water moccasins
  5 spiders (Lair:8)
  20 orc warriors
  3 ice beasts
  4 sky beasts
  A black bear (shapeshifter) (D:14)
  13 ogres
  An eye of draining (D:13)
  3 necrophages
  A phantom (D:11)
  2 boring beetles
  3 black bears
  A slave (D:7)
  6 wasps
  18 centaurs
  2 big kobolds
  17 crocodiles
  A wyvern zombie (D:7)
  20 giant frogs
  7 scorpions
  9 wights
  3 goliath beetles
  2 electric eels
  6 crimson imps
  5 jellies
  4 lava snakes (Lab)
  4 centaur zombies
  27 orc priests
  A quasit (D:11)
  3 giant frog zombies
  13 hounds
  10 iguanas
  2 centaur skeletons
  34 orc wizards
  A killer bee zombie (D:10)
  17 worker ants
  5 sheep (Lair:7)
  A hound zombie (D:11)
  2 worker ant zombies
  37 adders
  3 shadow imps
  8 giant mites
  56 river rats
  5 worms
  2 adder skeletons (D:9)
  2 giant geckos
  200 orcs
  A bat skeleton (D:4)
  A bat zombie (D:5)
  12 giant cockroaches
  22 hobgoblins
  9 jackals
  8 quokkas
  15 ball pythons
  A ball python skeleton (D:4)
  19 bats
  2 giant gecko skeletons (D:4)
  7 giant newts
  2 giant spores
  16 goblins
  27 kobolds
  A quokka skeleton (D:6)
  A quokka zombie (D:9)
  40 rats
  3 ballistomycetes
  A butterfly (D:5)
  7 fungi
  7 plants
1201 creatures vanquished.

Vanquished Creatures (others)
  A centaur warrior (Depths:1)
  A fire drake (Volcano)
  A slave (D:7)
  A necrophage (D:8)
  A centaur (Depths:1)
  A giant frog zombie (D:7)
  A centaur zombie (D:7)
  An orc wizard (D:7)
  An orc (D:7)
  4 fungi (Lair:8)
  A plant (Lair:8)
14 creatures vanquished.

Grand Total: 1215 creatures vanquished

Notes
Turn   | Place    | Note
--------------------------------------------------------------
     0 | D:1      | Chiseanne, the Vine Stalker Monk, began the quest for the Orb.
     0 | D:1      | Reached XP level 1. HP: 11/11 MP: 1/1
   109 | D:1      | Reached XP level 2. HP: 13/16 MP: 3/3
   487 | D:2      | Reached XP level 3. HP: 20/20 MP: 4/4
   786 | D:2      | Found a burning altar of Makhleb.
   789 | D:2      | Found a stormy altar of Qazlal.
   792 | D:2      | Found a glowing silver altar of Zin.
   799 | D:2      | Became a worshipper of Makhleb the Destroyer
   799 | D:2      | Acquired Makhleb's first power
   799 | D:2      | Acquired Makhleb's second power
   894 | D:3      | Reached XP level 4. HP: 24/24 MP: 3/5
  1169 | D:3      | Noticed Grinder
  1176 | D:3      | Killed Grinder
  1176 | D:3      | Reached skill level 5 in Unarmed Combat
  1176 | D:3      | Reached XP level 5. HP: 12/29 MP: 2/7
  1176 | D:3      | Gained mutation: You heal very quickly. [vine stalker growth]
  1176 | D:3      | Reached XP level 6. HP: 13/33 MP: 2/8
  1260 | D:3      | Found a sacrificial altar of Ru.
  1419 | D:3      | Acquired Makhleb's third power
  1493 | D:3      | Found a basalt altar of Yredelemnul.
  1494 | D:3      | Noticed a profane servitor
  1512 | D:3      | Found a glowing golden altar of the Shining One.
  1513 | D:3      | Noticed an angel
  1824 | D:4      | Reached XP level 7. HP: 37/37 MP: 9/9
  1982 | D:4      | Found Zoibruis' Jewellery Shoppe.
  1986 | D:4      | Bought a cursed -5 ring of protection for 20 gold pieces
  1999 | D:4      | Bought a cursed ring of loudness for 45 gold pieces
  2002 | D:4      | Bought a +2 ring of protection for 100 gold pieces
  2106 | D:4      | Found a shattered altar of Ashenzari.
  2254 | D:4      | Found a shadowy altar of Dithmenos.
  2536 | D:5      | Entered Level 5 of the Dungeon
  2577 | D:5      | Reached skill level 1 in Armour
  2592 | D:5      | Acquired Makhleb's fourth power
  2634 | D:5      | Found a runed door.
  2711 | D:5      | Found a runed door.
  2967 | D:5      | Found an opulent altar of Gozag.
  2976 | D:5      | Found Gozag's Platinum Reserve.
  3011 | D:5      | Got a crude tin ring
  3020 | D:5      | Identified the ring "Geim Mos" {+cTele rF+} (You found it on level 5 of the Dungeon)
  3060 | D:5      | Found a stormy altar of Qazlal.
  3126 | D:5      | Found a glowing drain.
  3137 | Sewer    | Entered a sewer
  3311 | Sewer    | Reached skill level 6 in Unarmed Combat
  3366 | Sewer    | Acquired Makhleb's fifth power
  3441 | Sewer    | Reached skill level 5 in Dodging
  3594 | Sewer    | Gained mutation: You have razor-sharp teeth. [vine stalker growth]
  3594 | Sewer    | Reached XP level 8. HP: 28/42 MP: 11/11
  4092 | D:6      | Reached skill level 5 in Fighting
  4104 | D:6      | Learned a level 2 spell: Stoneskin
  4170 | D:6      | Noticed a griffon
  4196 | D:6      | Killed a griffon
  4196 | D:6      | Reached skill level 7 in Unarmed Combat
  4196 | D:6      | Reached XP level 9. HP: 33/47 MP: 5/12
  5060 | D:7      | Found a sparkling altar of Nemelex Xobeh.
  5112 | D:7      | Noticed Pikel
  5129 | D:7      | Killed Pikel
  5129 | D:7      | Reached skill level 5 in Armour
  5129 | D:7      | Reached skill level 8 in Unarmed Combat
  5129 | D:7      | Reached XP level 10. HP: 51/53 MP: 13/13
  5669 | D:7      | Found a staircase to the Ecumenical Temple.
  5994 | D:8      | Found Wunen's Antique Armour Shoppe.
  6005 | D:8      | Bought a pair of boots for 108 gold pieces
  6682 | D:9      | Found a staircase to the Lair.
  6727 | D:9      | Reached skill level 1 in Shields
  6925 | D:9      | Found an iron altar of Okawaru.
  7190 | D:9      | Found a white marble altar of Elyvilon.
  7213 | D:10     | Entered Level 10 of the Dungeon
  7218 | D:10     | Noticed mathias' ghost (powerful TrBe)
  7227 | D:9      | Reached skill level 9 in Unarmed Combat
  7505 | D:10     | Reached XP level 11. HP: 48/58 MP: 15/15
  7506 | D:10     | Noticed a hill giant
  7531 | D:10     | Killed a hill giant
  7556 | D:10     | Noticed Maurice
  7564 | D:10     | Killed Maurice
  7601 | D:10     | Killed mathias' ghost
  8059 | D:10     | Found a staircase to the Orcish Mines.
  8113 | D:11     | Found a roughly hewn altar of Beogh.
  8113 | D:11     | Noticed a hill giant
  8126 | D:11     | Killed a hill giant
  8309 | D:11     | Reached skill level 10 in Unarmed Combat
  8355 | D:11     | Noticed a hill giant
  8361 | D:11     | Noticed a six-headed hydra
  8361 | D:11     | Killed a hill giant
  8369 | D:11     | Killed a six-headed hydra
  8385 | D:11     | Reached skill level 5 in Shields
  8767 | D:11     | Noticed a hill giant
  8773 | D:11     | Killed a hill giant
  8773 | D:11     | Gained mutation: You regenerate. [vine stalker growth]
  8773 | D:11     | Reached XP level 12. HP: 61/64 MP: 10/16
  8922 | D:11     | Noticed a skeletal warrior
  8923 | D:11     | Noticed a skeletal warrior
  8923 | D:11     | Noticed a skeletal warrior
  9212 | Orc:1    | Entered Level 1 of the Orcish Mines
  9927 | Orc:2    | Found a burning altar of Makhleb.
 10226 | Orc:3    | Found a staircase to the Elven Halls.
 10226 | Orc:3    | Noticed Grum
 10228 | Orc:3    | Killed Grum
 10407 | Orc:3    | Noticed Psyche
 10475 | Orc:3    | Killed Psyche
 10801 | Orc:4    | Entered Level 4 of the Orcish Mines
 10827 | Orc:4    | Found a labyrinth entrance.
 10828 | Orc:4    | Noticed Nergalle
 10837 | Lab      | Entered a labyrinth
 12870 | Lab      | Noticed a minotaur
 12880 | Lab      | Killed a minotaur
 12880 | Lab      | Reached skill level 11 in Unarmed Combat
 12928 | Orc:4    | Killed Nergalle
 12944 | Orc:4    | Noticed an orc high priest
 12959 | Orc:4    | Killed an orc high priest
 12959 | Orc:4    | Reached skill level 1 in Translocations
 13217 | Orc:4    | Noticed an orc high priest
 13229 | Orc:4    | Killed an orc high priest
 13229 | Orc:4    | Reached skill level 5 in Translocations
 13254 | Orc:4    | Noticed an orc warlord
 13488 | Lair:1   | Entered Level 1 of the Lair of Beasts
 13789 | Lair:1   | Reached XP level 13. HP: 69/69 MP: 17/17
 13852 | Lair:1   | Learned a level 1 spell: Apportation
 14605 | Lair:2   | Noticed Gastronok
 14630 | Lair:2   | Reached skill level 10 in Translocations
 14649 | Lair:2   | Killed Gastronok
 14954 | Lair:2   | Reached skill level 12 in Translocations
 15553 | Lair:3   | Identified a scroll of acquirement
 15556 | Lair:3   | Got a pair of steaming gloves
 15567 | Lair:3   | Identified the +2 pair of gloves of Proug {+Inv rC+ Int+3} (You acquired it on level 3 of the Lair of Beasts)
 15582 | Lair:3   | Reached skill level 1 in Evocations
 15876 | Lair:3   | Found a dark tunnel.
 15884 | Volcano  | Entered a volcano
 15957 | Volcano  | Reached skill level 5 in Evocations
 16477 | Lair:3   | Found a hole to the Spider Nest.
 16744 | Lair:4   | Reached XP level 14. HP: 74/74 MP: 27/27
 16779 | Lair:4   | Found a staircase to the Swamp.
 18691 | Lair:6   | Reached skill level 10 in Evocations
 19894 | Lair:7   | Reached skill level 10 in Dodging
 20384 | Lair:8   | Entered Level 8 of the Lair of Beasts
 20474 | Lair:7   | Identified a +2 pair of boots of running (You acquired it on level 7 of the Lair of Beasts)
 20618 | Lair:8   | Found a staircase to the Slime Pits.
 20618 | Lair:8   | Found a viscous altar of Jiyva.
 20695 | Lair:8   | Reached XP level 15. HP: 79/79 MP: 29/29
 22682 | Orc:4    | Killed an orc warlord
 22747 | Orc:4    | Noticed an orc high priest
 22752 | Orc:4    | Killed an orc high priest
 22972 | Orc:4    | Noticed an orc high priest
 22999 | Orc:4    | Killed an orc high priest
 23022 | Orc:4    | Found Sunois' Distillery.
 23022 | Orc:4    | Found Pinnoiryo's Antique Weapon Boutique.
 23023 | Orc:4    | Found Fauze's Antique Weapon Shoppe.
 23031 | Orc:4    | Bought a potion of curing for 42 gold pieces
 23031 | Orc:4    | Bought a potion of curing for 42 gold pieces
 23031 | Orc:4    | Bought a potion of might for 56 gold pieces
 23031 | Orc:4    | Bought a potion of might for 56 gold pieces
 23031 | Orc:4    | Bought a potion of haste for 140 gold pieces
 23031 | Orc:4    | Bought a potion of agility for 56 gold pieces
 23031 | Orc:4    | Bought a potion of haste for 140 gold pieces
 23031 | Orc:4    | Bought a potion of agility for 56 gold pieces
 23031 | Orc:4    | Bought a potion of magic for 112 gold pieces
 23031 | Orc:4    | Bought a potion of curing for 42 gold pieces
 23031 | Orc:4    | Bought a potion of curing for 42 gold pieces
 23032 | Orc:4    | Found Breoq's Armour Shoppe.
 24466 | D:13     | Reached skill level 10 in Shields
 25052 | D:14     | Found a gate to the Vaults.
 25062 | D:14     | Reached XP level 16. HP: 84/84 MP: 30/30
 25089 | D:14     | Found Narionn's Distillery.
 25109 | D:14     | Bought 2 potions of agility for 120 gold pieces
 25109 | D:14     | Bought a potion of haste for 150 gold pieces
 25109 | D:14     | Bought 2 potions of curing for 90 gold pieces
 25109 | D:14     | Bought a potion of magic for 120 gold pieces
 25109 | D:14     | Bought a potion of haste for 150 gold pieces
 25109 | D:14     | Bought a potion of curing for 45 gold pieces
 25109 | D:14     | Bought a potion of flight for 45 gold pieces
 25674 | D:14     | Found Lechasch's Gadget Shoppe.
 25683 | D:14     | Bought a wand of hasting (3) for 588 gold pieces
 25751 | D:15     | Entered Level 15 of the Dungeon
 25994 | D:15     | Found Shruf's Book Shop.
 26166 | D:15     | Reached skill level 10 in Fighting
 26203 | D:15     | Found a blossoming altar of Fedhas.
 26319 | D:15     | Found a staircase to the Depths.
 26465 | Depths:1 | Entered Level 1 of the Depths
 26484 | Depths:1 | Reached skill level 13 in Unarmed Combat
 26752 | Depths:1 | Found Kluruk's Book Shoppe.
 26785 | Depths:1 | Found a gateway to Hell.
 27471 | Depths:2 | Found Baypp's Assorted Antiques.
 27503 | Depths:2 | Reached XP level 17. HP: 87/90 MP: 21/31
 27667 | Depths:3 | Gained mutation: Armour fits poorly on your strangely shaped body. [mutagenic glow]
 27736 | Depths:2 | Found a one-way gate leading to the halls of Pandemonium.
 28005 | Depths:2 | Noticed a lich
 28008 | Depths:2 | Noticed a caustic shrike
 28009 | Depths:2 | Noticed a sphinx
 28011 | Depths:2 | Noticed an Ice Fiend
 28012 | Depths:2 | Noticed an Ice Fiend
 28017 | Depths:2 | Noticed a golden dragon
 28017 | Depths:2 | Mangled by a spriggan berserker

Action                   |  1- 3 |  4- 6 |  7- 9 | 10-12 | 13-15 | 16-18 || total
-------------------------+-------+-------+-------+-------+-------+-------++-------
Melee: Unarmed           |   118 |    95 |   460 |   854 |  1576 |   496 ||  3599
 Fire: Blowgun           |       |       |       |       |       |     5 ||     5
Throw: Tomahawk          |       |       |     4 |     5 |    28 |     4 ||    41
       Javelin           |       |       |       |       |    13 |       ||    13
 Cast: Apportation       |       |       |       |       |     1 |     1 ||     2
 Abil: Evoke Invisibilit |       |       |       |       |     3 |     4 ||     7
Evoke: Wand              |       |       |       |    13 |    20 |     3 ||    36
  Use: Scroll            |       |       |     9 |    24 |    12 |    10 ||    55
       Potion            |       |       |     1 |     8 |     7 |     2 ||    18
 Stab: Sleeping          |     3 |     2 |     1 |     2 |    10 |     2 ||    20
       Paralysed         |       |       |       |     4 |       |       ||     4
       Distracted        |       |       |       |     1 |     2 |       ||     3
       Invisible         |       |       |       |     1 |     6 |     9 ||    16
       Confused          |       |       |       |       |     1 |       ||     1
  Eat: Chunk             |       |     3 |    11 |    19 |    29 |     9 ||    71
       Fruit             |       |       |       |     6 |       |       ||     6
       Beef jerky        |       |       |       |     4 |     3 |     1 ||     8
       Royal jelly       |       |       |       |     1 |     1 |       ||     2
       Pizza             |       |       |       |       |     1 |       ||     1
